 Dungeon Crawl Stone Soup version 0.27-a0-1065-ge809cff456 (webtiles) character file.

Game seed: 513797901791310758

1103 senseless the Insei (level 8, -4/56 HPs)
             Began as a Demonspawn Transmuter on Apr 23, 2021.
             Slain by a gnoll sergeant
             ... wielding a +0 spear
              (10 damage)
             ... on level 6 of the Dungeon.
             The game lasted 00:21:14 (6713 turns).

senseless the Insei (Demonspawn Transmuter)         Turns: 6713, Time: 00:21:15

Health: -4/56      AC:  4    Str: 12    XL:     8   Next: 11%
Magic:  14/14      EV: 17    Int: 16    God:
Gold:   209        SH:  0    Dex: 15    Spells: 11/15 levels left

rFire    . . .     SeeInvis +     - Unarmed
rCold    . . .     Faith    .   (no shield)
rNeg     . . .     Spirit   .   e - +0 leather armour
rPois    .         Reflect  .   (helmet unavailable)
rElec    +         Harm     .   (no cloak)
rCorr    .         Rampage  .   b - +0 pair of gloves
Will     ++...                  (boots currently unavailable)
Stlth    ++........             (no amulet)
HPRegen  0.18/turn              f - +4 ring of evasion
MPRegen  0.14/turn              i - ring of willpower

@: appendages (expiring)
A: talons 2, antennae 3, powered by pain 1, sturdy frame 2, clever 1,
strong-willed 1, electricity resistance, evolution 1
a: End Transformation


You were on level 6 of the Dungeon.
You had temporarily grown beastly talons.
You visited 1 branch of the dungeon, and saw 6 of its levels.

You collected 209 gold pieces.

Inventory:

Missiles
 k - 7 curare-tipped darts
Armour
 a - a +0 robe
 b - a +0 pair of gloves (worn)
 e - a +0 leather armour (worn)
 g - a +0 pair of boots (melded)
 m - a +2 hat
 n - a +0 buckler
Jewellery
 f - a +4 ring of evasion (left hand)
 i - a ring of willpower (right hand)
Wands
 d - a wand of flame (16)
Scrolls
 q - a scroll of teleportation {unknown}
 r - a scroll of blinking
Potions
 c - a potion of invisibility
 h - a potion of heal wounds
 j - 6 potions of flight
 l - 2 potions of magic
 o - a potion of attraction
 p - a potion of degeneration {unknown}


   Skills:
 + Level 2.0 Fighting
 + Level 3.6 Dodging
 + Level 1.2 Stealth
 + Level 6.2 Unarmed Combat
 + Level 4.0 Spellcasting
 + Level 4.0 Transmutations
 + Level 1.0 Poison Magic


You had 11 spell levels left.
You knew the following spells:

 Your Spells              Type           Power      Damage    Failure   Level
a - Beastly Appendage     Tmut           32%        N/A       3%          1
b - Spider Form           Tmut/Pois      5%         N/A       19%         3

Your spell library contained the following spells:

 Spells                   Type           Power      Damage    Failure   Level
 Wereblood                Tmut           16%        N/A       4%          2
 Animate Skeleton         Necr           6%         N/A       17%         1
 Apportation              Tloc           6%         N/A       17%         1
 Corona                   Hex            3%         N/A       17%         1
 Summon Small Mammal      Summ           12%        N/A       17%         1
 Confusing Touch          Hex            3%         N/A       45%         3
 Gell's Gravitas          Tloc           1%         N/A       45%         3
 Ice Form                 Ice/Tmut       9%         N/A       58%         4
 Petrify                  Tmut/Erth      9%         N/A       58%         4
 Hydra Form               Tmut           8%         N/A       65%         5
 Yara's Violent Unravell  Hex/Tmut       4%         3d4       90%         5
 Metabolic Englaciation   Hex/Ice        1%         N/A       99%         5


Dungeon Overview and Level Annotations

Branches:
Dungeon (6/15)
 Temple: D:4-7

Altars:
Dithmenos
Wu Jian

Annotations:
D:4 Robin
D:6 Pikel


Innate Abilities, Weirdness & Mutations

You have temporarily grown beastly talons.
You have a pair of large antennae on your head. (SInv)
You sometimes gain a little power by taking damage.
Your movements are less encumbered by armour. (ER -4)
Your mind is acute. (Int +2)
You are strong-willed. (Will+)
You are resistant to electric shocks. (rElec)
You evolve.


Message History

The gnoll sergeant hits you with a +0 spear.
You barely miss the gnoll sergeant.
The gnoll sergeant is moderately wounded.
The gnoll sergeant hits you with a +0 spear.
You barely miss the gnoll sergeant. Your kick misses the gnoll sergeant.
The gnoll sergeant is moderately wounded.
The gnoll sergeant hits you with a +0 spear.
You hit the gnoll sergeant but do no damage.
Your kick misses the gnoll sergeant.
The gnoll sergeant is moderately wounded.
Your transformation is almost over.
The gnoll sergeant hits you with a +0 spear.
You hit the gnoll sergeant but do no damage.
The gnoll sergeant is moderately wounded.
The gnoll sergeant misses you.
Your magical contamination has completely faded away.
The gnoll sergeant blocks your attack.
Your kick misses the gnoll sergeant.
The gnoll sergeant is moderately wounded.
You hit the gnoll sergeant but do no damage.
The gnoll sergeant blocks your attack.
The gnoll sergeant is moderately wounded.
The gnoll sergeant hits you with a +0 spear!
* * * LOW HITPOINT WARNING * * *
You focus on the pain.
You feel your power returning.
You hit the gnoll sergeant. Your kick misses the gnoll sergeant.
The gnoll sergeant is heavily wounded.
The gnoll sergeant hits you with a +0 spear.
* * * LOW HITPOINT WARNING * * *
The gnoll sergeant blocks your attack.
You claw the gnoll sergeant.
The gnoll sergeant is heavily wounded.
The gnoll sergeant misses you.
You hit the gnoll sergeant. The gnoll sergeant blocks your attack.
The gnoll sergeant is severely wounded.
The gnoll sergeant hits you with a +0 spear.
* * * LOW HITPOINT WARNING * * *
The gnoll sergeant blocks your attack.
You claw the gnoll sergeant, but do no damage.
The gnoll sergeant is severely wounded.
The gnoll sergeant hits you with a +0 spear!
You die...

#.... #...# .. ##...#
####.. #....## ......# ##
# ##....###...#...###..#
.###.........# #..#.....
............#####......#
......#..#####..#g...##..
##..####..##(...@........
##.## ##......)###..?...
...## #..#.###.....##..
....## #..### .#...#
.....# #... .# ... .....#
#.##. .. .. ....<# #.. ..
.. # ...### ... .. ...
..## ... ..#


You could see a gnoll sergeant.

Vanquished Creatures
  Sigmund (D:3)
  A sky beast (D:6)
  2 necrophages
  An ogre (D:5)
  2 bullfrogs (D:6)
  A scorpion (D:5)
  2 howler monkeys (D:4)
  A hound (D:5)
  Ijyb (D:4)
  An orc wizard (D:5)
  A scorpion zombie (D:5)
  A killer bee zombie (D:5)
  A hound skeleton (D:4)
  4 gnolls
  7 adders
  A dart slug (D:1)
  15 orcs
  5 bats
  5 endoplasms
  15 goblins
  6 hobgoblins
  4 jackals (D:2)
  3 quokkas
  8 ball pythons
  5 frilled lizards
  3 kobolds
  A quokka skeleton (D:4)
  2 rats (D:3)
100 creatures vanquished.

Notes
Turn   | Place    | Note
-------+----------+-------------------------------------------
     0 | D:1      | senseless the Demonspawn Transmuter began the quest for the
                  | Orb.
     0 | D:1      | Reached XP level 1. HP: 15/15 MP: 3/3
   520 | D:1      | Reached skill level 3 in Unarmed Combat
   622 | D:1      | Gained mutation: Your movements are slightly less
                  | encumbered by armour. (ER -2) [demonic ancestry]
   622 | D:1      | Reached XP level 2. HP: 19/21 MP: 3/5
  1439 | D:2      | Reached XP level 3. HP: 20/26 MP: 4/6
  1995 | D:2      | Found a faded altar of an unknown god.
  2225 | D:2      | Gained mutation: You evolve. [potion of mutation]
  2225 | D:2      | Gained mutation: You are resistant to electric shocks.
                  | (rElec) [potion of mutation]
  2225 | D:2      | Gained mutation: Your mind is acute. (Int +2) [potion of
                  | mutation]
  2381 | D:3      | Lost mutation: You have a pair of horns on your head.
                  | [demonic ancestry]
  2381 | D:3      | Lost mutation: You have a pair of small horns on your head.
                  | [demonic ancestry]
  2381 | D:3      | Gained mutation: You have a pair of small antennae on your
                  | head. [demonic ancestry]
  2381 | D:3      | Reached XP level 4. HP: 16/32 MP: 7/7
  2762 | D:3      | Noticed Sigmund
  2779 | D:3      | Killed Sigmund
  2780 | D:3      | Reached skill level 4 in Unarmed Combat
  2780 | D:3      | Gained mutation: Your movements are less encumbered by
                  | armour. (ER -4) [demonic ancestry]
  2780 | D:3      | Reached XP level 5. HP: 20/37 MP: 7/9
  3302 | D:3      | Gained mutation: You have a pair of antennae on your head.
                  | [demonic ancestry]
  3302 | D:3      | Reached XP level 6. HP: 43/43 MP: 8/10
  3860 | D:4      | Noticed Robin
  4182 | D:4      | Found an ornate altar of the Wu Jian Council.
  4367 | D:4      | Reached skill level 1 in Stealth
  5032 | D:4      | Gained mutation: You are strong-willed. (Will+) [evolution]
  5189 | D:4      | Noticed Ijyb
  5222 | D:4      | Killed Ijyb
  5555 | D:5      | Entered Level 5 of the Dungeon
  5618 | D:5      | Learned a level 3 spell: Spider Form
  5732 | D:5      | Gained mutation: You have a pair of large antennae on your
                  | head. (SInv) [demonic ancestry]
  5732 | D:5      | Reached XP level 7. HP: 45/49 MP: 10/12
  5742 | D:5      | Reached skill level 5 in Unarmed Combat
  5938 | D:5      | Found a shadowy altar of Dithmenos.
  6361 | D:6      | Noticed Pikel
  6579 | D:5      | Reached skill level 6 in Unarmed Combat
  6684 | D:6      | Reached skill level 1 in Poison Magic
  6690 | D:6      | Gained mutation: You sometimes gain a little power by
                  | taking damage. [demonic ancestry]
  6690 | D:6      | Reached XP level 8. HP: 46/56 MP: 10/14
  6713 | D:6      | Slain by a gnoll sergeant

Illustrated notes

Levels and vault maps discovered:
D:1:      dpeg_arrival_rooms_b, layout_rooms
D:2:      layout_loops_ring, ebering_ecumenical_altar_webs
D:3:      layout_basic, minivault_25, kennysheep_cross_room, minmay_cupped,
          uniq_sigmund
D:4:      layout_gridville, lemuel_doored_altar, uniq_robin, uniq_ijyb
D:5:      layout_gridville, grunt_dithmenos_smoke_and_mirrors
D:6:      layout_cave_pools, grunt_ministairs_1, uniq_pikel

Skill      XL: |  1  2  3  4  5  6  7 |
---------------+----------------------+-----
Unarmed Combat | 3 4 6 |  6.2
Transmutations | 2 3 4 |  4.0
Dodging        | 2 3 |  3.6
Spellcasting   | 3 4 |  4.0
Stealth        | 1 |  1.2
Fighting       | 2 |  2.0
Poison Magic   | 1 |  1.0

Action                   |  1- 3 |  4- 6 |  7- 9 || total
-------------------------+-------+-------+-------++-------
Melee: Unarmed           |    88 |   208 |   118 ||   414
       Kick              |    18 |    47 |    19 ||    84
       Headbutt          |     5 |       |       ||     5
       Punch             |     1 |     3 |     7 ||    11
 Cast: Beastly Appendage |    22 |    35 |     7 ||    64
       Spider Form       |       |       |     4 ||     4
  Use: Scroll            |     4 |    10 |     1 ||    15
       Potion            |     1 |       |     1 ||     2
 Stab: Sleeping          |     1 |     1 |       ||     2
Armor: Robe              |     8 |       |       ||     8
       Leather armour    |     7 |    24 |     5 ||    36
Dodge: Dodged            |    77 |   153 |   110 ||   340

Table legend: (Time is in decaauts)
 A = Elapsed time spent in this place.
 B = Non-inter-level travel time spent in this place.
 C = Inter-level travel time spent in this place.
 D = Time resting spent in this place.
 E = Time spent auto-exploring this place.
 F = Levels seen in this place.
 G = Mean time per level.
                   A        B        C        D        E       F      G
               +--------+--------+--------+--------+--------+-----+--------+
         Total |   6680 |   6421 |    259 |    481 |   5016 |   6 | 1113.3 |
       Dungeon |   6680 |   6421 |    259 |    481 |   5016 |   6 | 1113.3 |
               +--------+--------+--------+--------+--------+-----+--------+

Top non-repeatable levels by time:
     D:3: 1982 daAuts
     D:4: 1284 daAuts
     D:1: 1194 daAuts
     D:2: 1073 daAuts
     D:5: 913 daAuts
     D:6: 230 daAuts
